 Dungeon Crawl Stone Soup version 0.31-a0-175-g9f7f995f2b (webtiles) character file.

Game seed: 14673060345364427367

926 qw the Skirmisher (level 8, 0/73 HPs)
             Began as a Naga Hunter on June 17, 2023.
             Succumbed to a hornet's poison
             ... on level 5 of the Dungeon.
             The game lasted 00:01:23 (3047 turns).

qw the Skirmisher (Naga Hunter)                     Turns: 3047, Time: 00:01:23

Health: 0/73       AC:  8    Str: 14    XL:     8   Next: 10%
Magic:  2/2        EV: 10    Int:  9    God:
Gold:   241        SH:  0    Dex: 17    Spells: 7/7 levels left

rFire   . . .        Y - +2 longbow (antimagic)
rCold   . . .        (shield currently unavailable)
rNeg    . . .        c - +0 leather armour
rPois   +            (no helmet)
rElec   .            (no cloak)
rCorr   .            (no gloves)
SInv    +            (no barding)
Will    +....        (no amulet)
Stlth   ++           h - +4 ring of protection
HPRegen 0.32/turn    (no ring)
MPRegen 0.08/turn

%: no passive effects
@: lethally poisoned (0 -> -6), short of breath, very slow
A: AC +2, large, see invisible, deformed body, poison resistance, slowness 2,
spit poison 1, naga tail 1
a: Spit Poison


You were on level 5 of the Dungeon.
You visited 1 branch of the dungeon, and saw 5 of its levels.
You also visited: Sewer.

You collected 241 gold pieces.


Innate Abilities, Weirdness & Mutations

Your serpentine skin is tough. (AC +2)
You have supernaturally acute eyesight. (SInv)
Armour fits poorly on your strangely shaped body.
Your system is resistant to poisons. (rPois)
You cover ground very slowly.
You can spit poison.
You have a snake-like lower body.


   Skills:
 + Level 4.5 Fighting
 - Level 8.0 Ranged Weapons
 - Level 2.1 Dodging
 - Level 1.5 Stealth


You had 7 spell levels left.
You didn't know any spells.
Your spell library was empty.

Inventory:

Hand Weapons
 Y - a +2 antimagic longbow (weapon)
Armour
 c - a +0 leather armour (worn)
Jewellery
 h - a +4 ring of protection (left hand)
Scrolls
 b - a scroll of identify
Potions
 a - a potion of might
 f - a potion of invisibility {unknown}
 g - a potion of ambrosia {unknown}
 j - a potion of mutation {unknown}
 m - a potion of curing {unknown}

Dungeon Overview and Level Annotations

Branches:
Dungeon (5/15)             Temple (0/1) D:5           Sewer (visited)

Altars:
Zin

Shops:
D:1 [

Annotations:
D:2 1 runed translucent door, Crazy Yiuf


Message History

The hornet is severely wounded.
The hornet looks more healthy.
The hornet barely misses you. The hornet stings you!
You are poisoned.
You feel yourself slow down.
You shoot an arrow. The arrow hits the hornet.
The hornet is severely wounded.
You feel very sick. The hornet misses you. The hornet closely misses you.
The hornet stings you but does no damage.
You shoot an arrow. The arrow hits the hornet.
The hornet is almost dead.
You feel yourself speed up.
You have got your breath back.
You feel very sick. The hornet completely misses you. The hornet stings you.
You are lethally poisoned!
The hornet misses you.
3044 ||| READING scroll of teleportation.
As you read the scroll of teleportation, it crumbles to dust.
You feel strangely unstable.
You feel very sick. The hornet stings you.
You feel yourself slow down.
3045 ||| INVOKING Spit Poison.
Aiming: Spit Poison (1% risk of failure)
Press: ? - help, Shift-Dir - straight line, f/p - hornet The splash of poison hits the hornet.
You kill the hornet!
You feel very sick.
Your Ranged Weapons skill increases to level 8!
You have reached level 8!
You feel agile.
There is a lethal amount of poison in your body!
You feel yourself speed up.
Your surroundings suddenly seem different.
A worm comes into view.
Found a book of Vapours.
You feel very sick.
You shoot an arrow. The arrow hits the worm.
The worm is moderately wounded.
You die...

#
:...########.##
.......@.......
#...##.#####.##
# ... ..##. ...
.. .. .. . ##.
#w


You could see a worm.

Vanquished Creatures
  A hornet (D:5)
  5 kobold brigands (Sewer)
  A scorpion (D:4)
  2 orc priests
  2 orc wizards
  5 adders
  3 river rats (Sewer)
  3 worms (Sewer)
  5 dart slugs
  11 orcs
  7 ball pythons
  9 endoplasms
  9 giant cockroaches
  A hobgoblin (D:2)
  5 jackals (D:1)
  4 quokkas
  8 bats
  2 frilled lizards
  10 goblins
  10 kobolds
  11 rats
114 creatures vanquished.

Notes
Turn   | Place    | Note
-------+----------+-------------------------------------------
     0 | D:1      | qw the Naga Hunter began the quest for the Orb.
     0 | D:1      | Reached XP level 1. HP: 19/19 MP: 1/1
     0 | D:1      | 0 ||| qw: Version: 0.3-a-2-g5ab2908
     0 | D:1      | 0 ||| qw: Game counter: 164
     0 | D:1      | 0 ||| qw: Always use a shield: true
     0 | D:1      | 0 ||| qw: God list: Okawaru
     0 | D:1      | 0 ||| qw: Allow faded altars: false
     0 | D:1      | 0 ||| qw: Do Orc after D:15 true
     0 | D:1      | 0 ||| qw: Do second Lair branch before Depths: true
     0 | D:1      | 0 ||| qw: Lair rune preference: random
     0 | D:1      | 0 ||| qw: Plans: Normal
     0 | D:1      | 0 ||| PLANNING D:1-11
     5 | D:1      | 5 ||| INVOKING Spit Poison.
    10 | D:1      | 10 ||| INVOKING Spit Poison.
    14 | D:1      | 14 ||| INVOKING Spit Poison.
    18 | D:1      | 18 ||| FLEEEEING.
    19 | D:1      | 19 ||| FLEEEEING.
    28 | D:1      | Reached skill level 4 in Ranged Weapons
    28 | D:1      | Reached XP level 2. HP: 25/26 MP: 2/2
    76 | D:1      | 76 ||| INVOKING Spit Poison.
   206 | D:1      | 206 ||| INVOKING Spit Poison.
   237 | D:1      | 237 ||| INVOKING Spit Poison.
   250 | D:1      | 250 ||| INVOKING Spit Poison.
   279 | D:1      | 279 ||| INVOKING Spit Poison.
   284 | D:1      | 284 ||| INVOKING Spit Poison.
   297 | D:1      | Found Wear's Antique Armour Shoppe.
   306 | D:1      | 306 ||| SHOPLISTING cloak (108 gold, have 45).
   306 | D:1      | 306 ||| SHOPLISTING glowing hat (168 gold, have 45).
   306 | D:1      | 306 ||| SHOPLISTING runed helmet (180 gold, have 45).
   343 | D:1      | Reached XP level 3. HP: 32/32 MP: 3/3
   363 | D:1      | 363 ||| INVOKING Spit Poison.
   403 | D:1      | 403 ||| INVOKING Spit Poison.
   612 | D:1      | 612 ||| READING scroll labelled HODIEF YWKUHYM.
   612 | D:1      | Identified a scroll of acquirement
   612 | D:1      | 612 ||| ACQUIRING +0 antimagic longbow
   612 | D:1      | Acquired a +0 antimagic longbow
   614 | D:1      | 614 ||| SWAPPING to +0 antimagic longbow.
   615 | D:1      | 615 ||| DROPPING +0 shortbow.
   616 | D:1      | 616 ||| DROPPING scroll of butterflies.
   653 | D:2      | 653 ||| INVOKING Spit Poison.
   665 | D:2      | 665 ||| INVOKING Spit Poison.
   691 | D:2      | Found a faded altar of an unknown god.
   709 | D:2      | 709 ||| INVOKING Spit Poison.
   738 | D:2      | 738 ||| INVOKING Spit Poison.
   760 | D:2      | 760 ||| INVOKING Spit Poison.
   768 | D:2      | 768 ||| INVOKING Spit Poison.
   769 | D:2      | 769 ||| INVOKING Spit Poison.
   798 | D:2      | 798 ||| INVOKING Spit Poison.
   802 | D:2      | 802 ||| INVOKING Spit Poison.
   827 | D:2      | 827 ||| INVOKING Spit Poison.
   843 | D:2      | 843 ||| INVOKING Spit Poison.
   904 | D:2      | 904 ||| INVOKING Spit Poison.
   929 | D:2      | 929 ||| INVOKING Spit Poison.
   934 | D:2      | 934 ||| INVOKING Spit Poison.
   969 | D:2      | 969 ||| INVOKING Spit Poison.
   973 | D:2      | 973 ||| INVOKING Spit Poison.
   976 | D:2      | Reached skill level 5 in Ranged Weapons
   976 | D:2      | Reached XP level 4. HP: 24/39 MP: 1/4
  1093 | D:2      | Found a runed translucent door.
  1094 | D:2      | Noticed Crazy Yiuf
  1131 | D:2      | 1131 ||| INVOKING Spit Poison.
  1154 | D:2      | 1154 ||| INVOKING Spit Poison.
  1224 | D:2      | 1224 ||| DROPPING amulet of magic regeneration.
  1225 | D:2      | 1225 ||| UPGRADING to +4 ring of protection.
  1226 | D:2      | 1226 ||| READING scroll labelled UHUMARO RANNA.
  1227 | D:2      | 1227 ||| READING scroll labelled KUTECU UMNY.
  1228 | D:2      | 1228 ||| READING scroll labelled HIT SI ZES MIL.
  1229 | D:2      | 1229 ||| READING scroll labelled REUVEA TYOCW.
  1252 | D:3      | 1252 ||| INVOKING Spit Poison.
  1256 | D:3      | 1256 ||| INVOKING Spit Poison.
  1269 | D:3      | Found a glowing silver altar of Zin.
  1290 | D:3      | 1290 ||| INVOKING Spit Poison.
  1293 | D:3      | 1293 ||| INVOKING Spit Poison.
  1338 | D:3      | 1338 ||| Stepping ~*~*~tactically~*~*~ (outnumbered).
  1340 | D:3      | 1340 ||| INVOKING Spit Poison.
  1347 | D:3      | 1347 ||| INVOKING Spit Poison.
  1351 | D:3      | 1351 ||| Stepping ~*~*~tactically~*~*~ (outnumbered).
  1353 | D:3      | 1353 ||| INVOKING Spit Poison.
  1355 | D:3      | Reached skill level 3 in Fighting
  1357 | D:3      | 1357 ||| INVOKING Spit Poison.
  1377 | D:3      | You fall into a shaft and drop 1 floor!
  1378 | D:4      | 1378 ||| PLANNING SEWER
  1388 | D:4      | 1388 ||| INVOKING Spit Poison.
  1390 | D:4      | Reached XP level 5. HP: 49/49 MP: 1/5
  1402 | D:4      | Found a glowing drain.
  1426 | D:4      | 1426 ||| INVOKING Spit Poison.
  1429 | D:4      | 1429 ||| INVOKING Spit Poison.
  1434 | D:4      | 1434 ||| INVOKING Spit Poison.
  1439 | D:4      | 1439 ||| INVOKING Spit Poison.
  1452 | Sewer    | Entered a sewer
  1477 | Sewer    | 1477 ||| INVOKING Spit Poison.
  1538 | Sewer    | 1538 ||| INVOKING Spit Poison.
  1543 | Sewer    | 1543 ||| INVOKING Spit Poison.
  1561 | Sewer    | 1561 ||| INVOKING Spit Poison.
  1666 | Sewer    | 1666 ||| INVOKING Spit Poison.
  1678 | Sewer    | Noticed a kobold brigand
  1679 | Sewer    | 1679 ||| INVOKING Spit Poison.
  1682 | Sewer    | Killed a kobold brigand
  1683 | Sewer    | Reached skill level 6 in Ranged Weapons
  1683 | Sewer    | Reached XP level 6. HP: 56/56 MP: 2/6
  1721 | Sewer    | 1721 ||| INVOKING Spit Poison.
  1746 | Sewer    | 1746 ||| INVOKING Spit Poison.
  1750 | Sewer    | 1750 ||| INVOKING Spit Poison.
  1790 | Sewer    | 1790 ||| INVOKING Spit Poison.
  1894 | Sewer    | 1894 ||| INVOKING Spit Poison.
  1897 | Sewer    | 1897 ||| INVOKING Spit Poison.
  1901 | Sewer    | 1901 ||| INVOKING Spit Poison.
  1904 | Sewer    | 1904 ||| INVOKING Spit Poison.
  1907 | Sewer    | Reached XP level 7. HP: 53/66 MP: 2/7
  1996 | Sewer    | 1996 ||| INVOKING Spit Poison.
  1999 | Sewer    | 1999 ||| INVOKING Spit Poison.
  2003 | Sewer    | 2003 ||| INVOKING Spit Poison.
  2083 | Sewer    | 2083 ||| READING scroll labelled OCESMY VESAFFU.
  2086 | Sewer    | 2086 ||| DRINKING 2 golden potions.
  2087 | Sewer    | 2087 ||| DROPPING potion of brilliance.
  2096 | D:4      | 2096 ||| PLANNING D:1-11
  2114 | D:4      | 2114 ||| INVOKING Spit Poison.
  2141 | D:4      | 2141 ||| READING scroll labelled HIKLICWO HAFI.
  2360 | D:3      | 2360 ||| INVOKING Spit Poison.
  2366 | D:3      | 2366 ||| READING 2 scrolls labelled LOHUOB SIETHU.
  2367 | D:3      | 2367 ||| READING scroll of enchant weapon.
  2367 | D:3      | 2367 ||| ENCHANTING +1 antimagic longbow.
  2368 | D:3      | 2368 ||| READING 2 scrolls of identify.
  2368 | D:3      | 2368 ||| IDENTIFYING dark potion
  2432 | D:4      | 2432 ||| INVOKING Spit Poison.
  2630 | D:4      | 2630 ||| INVOKING Spit Poison.
  2673 | D:4      | 2673 ||| INVOKING Spit Poison.
  2677 | D:4      | 2677 ||| INVOKING Spit Poison.
  2679 | D:4      | Reached skill level 7 in Ranged Weapons
  2712 | D:4      | 2712 ||| Stepping ~*~*~tactically~*~*~ (outnumbered).
  2714 | D:4      | 2714 ||| Stepping ~*~*~tactically~*~*~ (outnumbered).
  2716 | D:4      | 2716 ||| Stepping ~*~*~tactically~*~*~ (outnumbered).
  2717 | D:4      | 2717 ||| INVOKING Spit Poison.
  2721 | D:4      | 2721 ||| INVOKING Spit Poison.
  2724 | D:4      | 2724 ||| INVOKING Spit Poison.
  2728 | D:4      | 2728 ||| INVOKING Spit Poison.
  2732 | D:4      | 2732 ||| INVOKING Spit Poison.
  2803 | D:4      | 2803 ||| INVOKING Spit Poison.
  2830 | D:4      | 2830 ||| INVOKING Spit Poison.
  2953 | D:4      | 2953 ||| READING scroll labelled CYIMUX TAVA.
  2954 | D:4      | 2954 ||| READING scroll labelled OJIUROSOTEI.
  2955 | D:4      | 2955 ||| DRINKING 3 bubbling pink potions.
  2995 | D:4      | 2995 ||| READING 2 scrolls of identify.
  2995 | D:4      | 2995 ||| IDENTIFYING cyan potion
  2996 | D:4      | 2996 ||| DROPPING potion of degeneration.
  2997 | D:4      | 2997 ||| DROPPING 2 potions of lignification.
  3018 | D:5      | Entered Level 5 of the Dungeon
  3019 | D:5      | 3019 ||| INVOKING Spit Poison.
  3023 | D:5      | 3023 ||| INVOKING Spit Poison.
  3026 | D:5      | Found a staircase to the Ecumenical Temple.
  3027 | D:5      | 3027 ||| PLANNING TEMPLE
  3034 | D:5      | Noticed a hornet
  3037 | D:5      | 3037 ||| INVOKING Spit Poison.
  3040 | D:5      | 3040 ||| INVOKING Spit Poison.
  3043 | D:5      | HP: 15/66 [hornet (5)]
  3044 | D:5      | 3044 ||| READING scroll of teleportation.
  3045 | D:5      | 3045 ||| INVOKING Spit Poison.
  3045 | D:5      | Killed a hornet
  3045 | D:5      | HP: 4/66 [poisoned by a hornet]
  3046 | D:5      | Reached skill level 8 in Ranged Weapons
  3046 | D:5      | Reached XP level 8. HP: 4/73 MP: 2/8
  3047 | D:5      | Succumbed to a hornet's poison

Levels and vault maps discovered:
D:1:      wander_arrival_desolate, layout_basic, serial_shops, shop
D:2:      layout_rooms, ebering_ecumenical_altar_hall, grunt_decor_cap,
          uniq_crazy_yiuf_cottage
D:3:      layout_rooms, mainiacjoe_overflow_tiny_flanked
D:4:      layout_basic, gup_sewer_entry_glass
D:5:      minmay_polygon_palace, layout_basic,
          minmay_temple_entry_statues_fountains, serial_corexii_hall,
          corexii_hall_statues_t, corexii_hall_statues_x, uniq_grinder,
          uniq_eustachio

Skill      XL: |  1  2  3  4  5  6  7 |
---------------+----------------------+-----
Ranged Weapons | 4 5 6 8 |  8.0
Fighting       | 3 4 |  4.5
Dodging        | 2 |  2.1
Stealth        | |  1.5

Action                     |  1- 3 |  4- 6 |  7- 9 || total
---------------------------+-------+-------+-------++-------
   Fire: Shortbow          |    36 |       |       ||    36
         Longbow           |    24 |    87 |    56 ||   167
Ability: Spit Poison       |    26 |    29 |    21 ||    76
    Use: Scroll            |     1 |     4 |     9 ||    14
         Potion            |       |       |     2 ||     2
 Armour: Leather armour    |     2 |    24 |    13 ||    39
  Dodge: Dodged            |     8 |    23 |    26 ||    57

Table legend:
 A = Non-vault XP
 B = Vault XP
 C = Vault XP percentage of total XP
 D = Non-vault monster count
 E = Vault monster count
 F = Vault count percentage of total count
                 A         B        C        D         E       F
            +---------+---------+-------+---------+---------+-------
      Total |     715 |     608 |  46.0 |      82 |      32 |  28.1
            +---------+---------+-------+---------+---------+-------
        D:1 |      47 |       0 |   0.0 |      24 |       0 |   0.0
        D:2 |      46 |       0 |   0.0 |      20 |       0 |   0.0
        D:3 |      73 |       0 |   0.0 |      17 |       0 |   0.0
        D:4 |     219 |       8 |   3.5 |      17 |       4 |  19.0
        D:5 |     330 |       0 |   0.0 |       4 |       0 |   0.0
      Sewer |       0 |     600 | 100.0 |       0 |      28 | 100.0
            +---------+---------+-------+---------+---------+-------
